 Dungeon Crawl Stone Soup version 0.28.0-45-g0d030f2227 (webtiles) character file.

Game seed: 7563306263052964215

3087 Icepheonix32 the Protected (level 9, -1/71 HPs)
             Began as a Demonspawn Fighter on Apr 10, 2022.
             Slain by a killer bee (6 damage)
             ... on level 6 of the Dungeon.
             The game lasted 00:13:53 (10049 turns).

Icepheonix32 the Protected (Demonspawn Fighter)    Turns: 10049, Time: 00:13:53

Health: -1/71      AC: 18    Str: 21    XL:     9   Next: 59%
Magic:  9/9        EV:  9    Int: 13    God:
Gold:   418        SH:  5    Dex: 13    Spells: 8/8 levels left

rFire   + . .      SeeInvis .   a - +0 long sword
rCold   . . .      Faith    .   c - +0 buckler
rNeg    . . .      Spirit   .   y - +4 chain mail {rF+}
rPois   .          Reflect  .   (helmet restricted)
rElec   .          Harm     .   C - +0 cloak
rCorr   .          Rampage  .   k - +0 pair of gloves
Will    .....                   (no boots)
Stlth   ..........              (no amulet)
HPRegen 0.21/turn               (no ring)
MPRegen 0.11/turn               (no ring)

@: no status effects
A: horns 1, ignite blood 2, big brain 2
a: no special abilities


You were on level 6 of the Dungeon.
You visited 1 branch of the dungeon, and saw 7 of its levels.
You also visited: Sewer.

You collected 418 gold pieces.

Inventory:

Hand Weapons
 a - a +0 long sword (weapon)
 r - a +2 dagger of distortion
Missiles
 o - 2 boomerangs (quivered)
 z - 12 poisoned darts
Armour
 c - a +0 buckler (worn)
 j - the +1 robe of Wukk {rF+ rC- rCorr SInv}
   (You found it in a sewer)

   rF:        It protects you from fire.
   rC:        It makes you vulnerable to cold.
   SInv:      It lets you see invisible.
   rCorr:     It protects you from acid and corrosion.
 k - a +0 pair of gloves (worn)
 y - a +4 chain mail of fire resistance (worn)
 C - a +0 cloak (worn)
 D - the +1 robe of Wouzor {rC++ rCorr Dex-4 Stlth+}
   (You found it on level 6 of the Dungeon)

   Dex:       It affects your dexterity (-4).
   rC:        It greatly protects you from cold.
   rCorr:     It protects you from acid and corrosion.
   Stlth:     It makes you more stealthy.
Jewellery
 h - a ring of magical power
 B - a ring of fire
Wands
 i - a wand of iceblast (10)
Scrolls
 q - a scroll of enchant weapon
 w - a scroll of silence
Potions
 d - a potion of flight
 g - 2 potions of lignification
 n - a potion of mutation
 v - a potion of attraction
 x - a potion of cancellation


   Skills:
 + Level 6.6 Fighting
 - Level 2.0 Long Blades
 + Level 1.8 Throwing
 * Level 9.0 Armour
 + Level 4.2 Dodging
 + Level 2.2 Stealth
 + Level 5.0 Shields
 + Level 0.4 Evocations


You had 8 spell levels left.
You didn't know any spells.
Your spell library contained the following spells:

 Spells                   Type           Power      Damage    Failure   Level
 Foxfire                  Conj/Fire      0%         2x1d4     95%         1
 Freeze                   Ice            0%         1d3       95%         1
 Blink                    Tloc           0%         N/A       99%         2
 Conjure Flame            Conj/Fire      0%         6-21      100%        3
 Frozen Ramparts          Ice            0%         1d2       100%        3
 Inner Flame              Hex/Fire       0%         N/A       100%        3
 Lesser Beckoning         Tloc           0%         N/A       100%        3
 Flame Wave               Conj/Fire      0%         2d4       100%        4
 Hailstorm                Conj/Ice       0%         3d3       100%        4
 Manifold Assault         Tloc           0%         N/A       100%        5


Dungeon Overview and Level Annotations

Branches:
Dungeon (7/15)             Temple (0/1) D:7           Sewer (visited)

Altars:
Yredelemnul

Shops:
D:6 [

Annotations:
D:2 1 runed translucent door, Crazy Yiuf


Innate Abilities, Weirdness & Mutations

You have a pair of small horns on your head.
Your demonic aura often causes spilled blood to erupt in flames.
You have an extremely huge brain. (Int +4)


Message History

You feel magically purged.
You feel yourself slow down.
You feel sick.
The killer bee stings you but does no damage.
Unknown command.
Unknown command.
Blink to where?
Press: ? - help, Dir - move target
Found a stone staircase leading up.
As you read the scroll of blinking, it crumbles to dust.
You feel sick.
You are no longer poisoned.
As you read the scroll labelled VUMONA YNOTINWUYPH, it crumbles to dust.
It is a scroll of amnesia.
You feel forgetful for a moment.
As you read the scroll labelled YHETUPSETIZAU, it crumbles to dust.
You feel aware of your surroundings.
It was a scroll of magic mapping.
You block the killer bee's attack.
The killer bee stings you but does no damage.
As you read the scroll labelled REBOHA VYSATIA, it crumbles to dust.
The creatures around you are filled with an inner flame!
It was a scroll of immolation.
The killer bee barely misses you. You block the killer bee's attack.
The killer bee closely misses you.
Unknown command.
The killer bee stings you but does no damage.
The killer bee buzzes angrily.
You block the killer bee's attack. The killer bee barely misses you.
The killer bee stings you but does no damage.
You block the killer bee's attack.
The killer bee stings you but does no damage.
There is an escape hatch in the ceiling here.
The killer bee stings you but does no damage. x2
The killer bee closely misses you. You block the killer bee's attack. x2
The killer bee barely misses you. A mysterious force pulls you upwards.
The hatch slams shut behind you.
The killer bee stings you but does no damage. x3
The killer bee stings you but does no damage.
The killer bee stings you.
You die...

############ #..........###
#..........+.# #..........#.#
#..........#.#############
#.......yy................
########.@...###########..
####.........####..
#...#..#.###.†.....
#.#.........#####.# ####
#.#####..##.# #.# ...#
#.......<...# #.# ...#
#######.####### #.#
...##################.......###.#
.......................∩.........


You could see 2 killer bees.

Vanquished Creatures
  A troll (D:7)
  Sigmund (D:2)
  Edmund (D:5)
  An ice beast (D:5)
  2 black bears
  2 necrophages
  3 centaurs
  4 ogres
  A phantom (D:5)
  A kobold brigand (D:6)
  2 bullfrogs (Sewer)
  A wyvern zombie (D:5)
  A scorpion (D:6)
  A water moccasin zombie (D:6)
  A wyvern skeleton (D:6)
  6 killer bees (D:7)
  A howler monkey (D:7)
  A centaur zombie (D:6)
  A centaur skeleton (D:6)
  3 jellies
  3 bullfrog zombies
  5 hounds
  3 orc priests
  A bullfrog skeleton (D:6)
  An iguana (D:5)
  An orc wizard (D:5)
  2 killer bee zombies
  A hound zombie (D:5)
  3 gnolls
  16 adders
  4 ufetubi
  A worm (D:4)
  A dart slug (D:3)
  9 orcs
  10 endoplasms
  7 giant cockroaches
  4 goblins
  3 hobgoblins
  3 jackals (D:3)
  6 quokkas
  17 ball pythons
  3 bats
  12 frilled lizards
  13 kobolds
  3 rats
167 creatures vanquished.

Vanquished Creatures (others)
  A killer bee (D:7)
1 creature vanquished.

Grand Total: 168 creatures vanquished

Notes
Turn   | Place    | Note
-------+----------+-------------------------------------------
     0 | D:1      | Icepheonix32 the Demonspawn Fighter began the quest for the
                  | Orb.
     0 | D:1      | Reached XP level 1. HP: 18/18 MP: 1/1
   577 | D:1      | Gained mutation: Your demonic aura sometimes causes spilled
                  | blood to erupt in flames. [demonic ancestry]
   577 | D:1      | Reached XP level 2. HP: 24/24 MP: 2/2
  1625 | D:2      | Noticed Sigmund
  2042 | D:2      | Found a runed translucent door.
  2043 | D:2      | Noticed Crazy Yiuf
  2144 | D:2      | Reached skill level 3 in Armour
  2144 | D:2      | Gained mutation: You have a pair of small horns on your
                  | head. [demonic ancestry]
  2144 | D:2      | Reached XP level 3. HP: 2/29 MP: 3/3
  2523 | D:2      | Killed Sigmund
  2524 | D:2      | Reached skill level 4 in Armour
  2524 | D:2      | Reached skill level 1 in Stealth
  2524 | D:2      | Gained mutation: You have an unusually large brain. (Int
                  | +2) [demonic ancestry]
  2524 | D:2      | Reached XP level 4. HP: 16/37 MP: 4/4
  2524 | D:2      | Gained mutation: Your demonic aura often causes spilled
                  | blood to erupt in flames. [demonic ancestry]
  2524 | D:2      | Reached XP level 5. HP: 18/42 MP: 5/5
  3574 | D:3      | Reached skill level 1 in Dodging
  3588 | D:3      | Reached XP level 6. HP: 48/48 MP: 6/6
  4312 | D:3      | Found a faded altar of an unknown god.
  5044 | D:4      | Found a glowing drain.
  5064 | Sewer    | Entered a sewer
  5241 | Sewer    | Reached skill level 5 in Armour
  5540 | Sewer    | Reached XP level 7. HP: 49/55 MP: 7/7
  5694 | Sewer    | Identified the +1 robe of Wukk {rF+ rC- rCorr SInv}
  6965 | D:5      | Entered Level 5 of the Dungeon
  6976 | D:5      | Reached skill level 5 in Fighting
  7249 | D:5      | Reached skill level 6 in Armour
  7249 | D:5      | Reached XP level 8. HP: 13/62 MP: 8/8
  7272 | D:5      | Noticed Edmund
  7530 | D:5      | Reached skill level 1 in Throwing
  8360 | D:5      | Killed Edmund
  8361 | D:5      | Reached skill level 7 in Armour
  9080 | D:6      | Gained mutation: You have an extremely huge brain. (Int +4)
                  | [demonic ancestry]
  9080 | D:6      | Reached XP level 9. HP: 61/69 MP: 9/9
  9494 | D:6      | Identified the +1 robe of Wouzor {rC++ rCorr Dex-4 Stlth+}
  9529 | D:6      | Reached skill level 8 in Armour
  9641 | D:6      | Found Umuap's Armour Shop.
  9849 | D:6      | Found a basalt altar of Yredelemnul.
  9997 | D:7      | HP: 2/71 [killer bee (7)]
 10007 | D:7      | Noticed a troll
 10017 | D:7      | Killed a troll
 10020 | D:7      | Reached skill level 9 in Armour
 10020 | D:7      | Reached skill level 5 in Shields
 10029 | D:7      | HP: 3/71 [poisoned by a killer bee]
 10049 | D:6      | Slain by a killer bee

Illustrated notes

Levels and vault maps discovered:
D:1:      saegor_arrival_under_anarchy, layout_loops_corners, serial_forest,
          infiniplex_forest_straight_3, infiniplex_forest_straight_3,
          infiniplex_forest_end_double, infiniplex_forest_end_1,
          infiniplex_forest_clump_double, infiniplex_forest_corner_1,
          infiniplex_forest_clump_small, infiniplex_forest_corner_2
D:2:      layout_loops_ring, uniq_crazy_yiuf_cottage, uniq_sigmund
D:3:      layout_loops_corners, basic_ecumenical_altar, minmay_snake_closets
D:4:      layout_layer_cave, cheibrodos_sewer_entry_bend,
          amcnicky_mini_pool_small, minmay_misc_feat_roman
D:5:      layout_rooms, uniq_edmund
D:6:      layout_basic, lemuel_zombie_altar_yredelemnul, serial_shops, shop
D:7:      layout_rooms, minmay_temple_entry_wispy, solitary_fountain

Skill      XL: |  1  2  3  4  5  6  7  8  9 |
---------------+----------------------------+-----
Long Blades    | 2 |  2.0
Armour         | 3 4 5 6 7 9 |  9.0
Fighting       | 4 5 6 |  6.6
Stealth        | 1 2 |  2.2
Shields        | 3 4 5 |  5.0
Dodging        | 1 2 3 4 |  4.2
Throwing       | 1 |  1.8
Evocations     | |  0.4

Action                   |  1- 3 |  4- 6 |  7- 9 || total
-------------------------+-------+-------+-------++-------
Melee: Long sword        |    83 |   220 |   337 ||   640
       Headbutt          |     1 |    24 |    70 ||    95
Throw: Dart              |       |       |    10 ||    10
       Boomerang         |       |       |    11 ||    11
Evoke: Wand              |       |       |     2 ||     2
  Use: Potion            |     2 |     2 |    10 ||    14
       Scroll            |       |     4 |    10 ||    14
 Stab: Invisible         |       |       |     5 ||     5
Armor: Scale mail        |    43 |   113 |    74 ||   230
       Skin              |       |    22 |     5 ||    27
       Chain mail        |       |       |   174 ||   174
Dodge: Dodged            |    23 |   146 |   225 ||   394
Block: Buckler           |    21 |    65 |   110 ||   196
